 Dungeon Crawl Stone Soup version 0.28-a0-1143-gcf6077d4cc (webtiles) character file.

Game seed: 1498924513966684463

394 ytrimaz the Covered (level 7, -7/55 HPs)
             Began as a Formicid Fighter on Dec 13, 2021.
             Mangled by an ogre (21 damage)
             ... on level 4 of the Dungeon.
             The game lasted 00:03:44 (3259 turns).

ytrimaz the Covered (Formicid Fighter)              Turns: 3259, Time: 00:03:45

Health: -7/55      AC:  7    Str: 23    XL:     7   Next: 9%
Magic:  0/7        EV: 11    Int:  7    God:
Gold:   235        SH:  4    Dex: 10    Spells: 6/6 levels left

rFire   . . .      SeeInvis +   a - +1 war axe
rCold   . . .      Faith    .   c - +0 buckler
rNeg    . . .      Spirit   +   d - +0 troll leather armour {Pargi}
rPois   .          Reflect  .   (helmet unavailable)
rElec   .          Harm     .   (no cloak)
rCorr   .          Rampage  .   (no gloves)
Will    .....                   l - +1 pair of boots
Stlth   +.........              e - amulet of guardian spirit
HPRegen 0.00/turn               (no ring)
MPRegen 0.10/turn               (no ring)

@: inhibited regen
A: permanent stasis, dig shafts and tunnels, antennae 3, four strong arms,
inhibited regeneration
a: Dig, Shaft Self


You were on level 4 of the Dungeon.
You visited 1 branch of the dungeon, and saw 4 of its levels.
You also visited: Sewer.

You collected 235 gold pieces.

Inventory:

Hand Weapons
 a - a +1 war axe (weapon)
Armour
 c - a +0 buckler (worn)
 d - a +0 troll leather armour (worn) {Pargi}
 l - a +1 pair of boots (worn)
Jewellery
 e - an amulet of guardian spirit (around neck)
Wands
 n - a wand of iceblast (3)
Potions
 f - a potion of lignification
 g - a potion of ambrosia
 h - 2 potions of attraction
 j - a potion of resistance


   Skills:
 * Level 4.8 Fighting
 + Level 4.3 Axes
 * Level 5.0 Armour
 * Level 4.9 Shields


You had 6 spell levels left.
You didn't know any spells.
Your spell library contained the following spells:

 Spells                   Type           Power      Damage    Failure   Level
 Magic Dart               Conj           0%         1d3       45%         1
 Call Imp                 Summ           0%         N/A       61%         2
 Gell's Gravitas          Tloc           0%         N/A       83%         3
 Mephitic Cloud           Conj/Pois/Air  0%         N/A       83%         3
 Teleport Other           Tloc           0%         N/A       83%         3
 Dispersal                Tloc           0%         N/A       100%        6


Dungeon Overview and Level Annotations

Branches:
Dungeon (4/15)              Sewer (visited)
 Temple: D:4-7

Altars:

Shops:
D:3 (


Innate Abilities, Weirdness & Mutations

You cannot be hasted, slowed, berserked, paralysed or teleported.
You can dig through walls and to a lower floor.
You have a pair of large antennae on your head. (SInv)
Your four strong arms can wield two-handed weapons with a shield.
You do not regenerate when monsters are visible.


Message History

It was a potion of cancellation.
Your magical effects are unravelling.
You feel magically purged.
Your resistance to elements expires.
Unknown command.
It was a potion of haste.
Your stasis prevents you from being hasted.
Unknown command.
An ogre comes into view. It is wielding a +0 giant club.
An ogre is nearby!
An ogre is nearby!
The ogre barely misses you.
You slash the ogre!
The ogre is moderately wounded.
The ogre hits you with a +0 giant club.
You barely miss the ogre.
The ogre is moderately wounded.
The ogre hits you with a +0 giant club!
You barely miss the ogre.
The ogre is moderately wounded.
The ogre completely misses you.
Unknown command.
You barely miss the ogre.
The ogre is moderately wounded.
The ogre barely misses you.
You slash the ogre!
The ogre is severely wounded.
You block the ogre's attack.
Unknown command.
You barely miss the ogre.
The ogre is severely wounded.
You block the ogre's attack.
You hit the ogre.
The ogre is severely wounded.
The ogre hits you with a +0 giant club!!
* * * LOW HITPOINT WARNING * * *
You barely miss the ogre.
The ogre is severely wounded.
The ogre hits you with a +0 giant club!!
You die...

... #.# #.. .#.. ...
#.# .#..# #.# .....
...# #.# #.##.#.#..#
#.# #O##...#..# #.#
#####@##...#..# #.#
#.....##...#..######.#
##.######.............#
#...........#..######.#
##<##.###...#..######'#
#.....................
#.##.###...#..........
#..........#..........
#.##.###..##..######.#


You could see an ogre.

Vanquished Creatures
  Pargi (Sewer)
  A necrophage (D:4)
  An ogre (D:4)
  A hound (D:3)
  An adder (D:4)
  A river rat (D:3)
  An adder skeleton (D:4)
  A worm (D:3)
  A dart slug (D:2)
  2 orcs
  4 ball pythons
  6 bats
  8 endoplasms
  3 giant cockroaches
  3 goblins
  5 hobgoblins
  12 jackals
  A quokka (D:1)
  8 frilled lizards
  7 kobolds
  12 rats
80 creatures vanquished.

Vanquished Creatures (others)
  15 plants (D:2)
15 creatures vanquished.

Grand Total: 95 creatures vanquished

Notes
Turn   | Place    | Note
-------+----------+-------------------------------------------
     0 | D:1      | ytrimaz the Formicid Fighter began the quest for the Orb.
     0 | D:1      | Reached XP level 1. HP: 18/18 MP: 1/1
   131 | D:1      | Reached XP level 2. HP: 24/24 MP: 2/2
   510 | D:1      | Reached XP level 3. HP: 27/29 MP: 3/3
  1984 | D:3      | Reached XP level 4. HP: 37/37 MP: 4/4
  2093 | D:3      | Reached skill level 4 in Armour
  2139 | D:3      | Found a faded altar of an unknown god.
  2156 | D:3      | Found Keamaetut's Antique Weapon Shoppe.
  2181 | D:3      | Reached XP level 5. HP: 20/42 MP: 3/5
  2476 | D:3      | Found a glowing drain.
  2493 | Sewer    | Entered a sewer
  2690 | Sewer    | Noticed Pargi
  2697 | Sewer    | Killed Pargi
  2698 | Sewer    | Reached XP level 6. HP: 46/49 MP: 4/6
  2927 | D:4      | Noticed a necrophage
  2934 | D:4      | Killed a necrophage
  3127 | D:4      | Noticed an ogre
  3134 | D:4      | Killed an ogre
  3135 | D:4      | Reached skill level 5 in Armour
  3135 | D:4      | Reached XP level 7. HP: 30/55 MP: 3/7
  3244 | D:4      | Gained mutation: You do not regenerate when monsters are
                  | visible. [potion of mutation]
  3259 | D:4      | Mangled by an ogre

Illustrated notes

Levels and vault maps discovered:
D:1:      wheals_arrival_shading, layout_loops_ring,
          wander_ebering_terrifying_dragon_lair
D:2:      layout_rooms, serial_bayou_lagoon_a
D:3:      layout_rooms, hellmonk_ecumenical_altar_blasted, portal_sewer_entry_e,
          serial_shops, nicolae_shop_crystal
D:4:      kennysheep_six_static_rooms, layout_basic

Skill      XL: |  1  2  3  4  5  6 |
---------------+-------------------+-----
Shields        | 4 |  4.9
Fighting       | 4 |  4.8
Armour         | 4 5 |  5.0
Axes           | 3 4 |  4.3

Action                   |  1- 3 |  4- 6 |  7- 9 || total
-------------------------+-------+-------+-------++-------
Melee: War axe           |   128 |   110 |     9 ||   247
  Use: Scroll            |     1 |     6 |     1 ||     8
       Potion            |       |     1 |     6 ||     7
Armor: Scale mail        |    78 |    55 |       ||   133
       Troll leather arm |       |     8 |       ||     8
Dodge: Dodged            |    62 |    65 |     3 ||   130
Block: Buckler           |    29 |    32 |     2 ||    63

Table legend: (Time is in decaauts)
 A = Elapsed time spent in this place.
 B = Non-inter-level travel time spent in this place.
 C = Inter-level travel time spent in this place.
 D = Time resting spent in this place.
 E = Time spent auto-exploring this place.
 F = Levels seen in this place.
 G = Mean time per level.
                   A        B        C        D        E       F      G
               +--------+--------+--------+--------+--------+-----+--------+
         Total |   3358 |   3288 |     70 |      0 |   2362 |   5 |  671.6 |
       Dungeon |   3124 |   3054 |     70 |      0 |   2303 |   4 |  781.0 |
         Sewer |    234 |    234 |      0 |      0 |     59 |   1 |  234.0 |
               +--------+--------+--------+--------+--------+-----+--------+

Top non-repeatable levels by time:
     D:2: 1058 daAuts
     D:1: 946 daAuts
     D:3: 695 daAuts
     D:4: 424 daAuts
   Sewer: 234 daAuts
